Map: Newkirk Precinct TE (Void)

Players

fropez - Winner!

  • Race: Protoss Protoss
  • League: Gold
  • Spawn Location: 5:00

BABDER

  • Race: Terran Terran
  • League: Gold
  • Spawn Location: 7:00

VOD

Have the link to the VOD?

Description

Time

  • Played on: Dec. 13, 2016, 8:55 p.m.
  • Length: 22:04
Show
View Real Time Build Order
Export as new Build Order

fropez Protoss - Winner!

Build Orders: 1 Gate Expand 

Get SALT Encoding   

  12  0:02  Probe (Chrono Boost)  
  13  0:13  Probe (Chrono Boost)  
  14  0:21  Pylon  
  14  0:23  Probe (Chrono Boost)  
  15  0:40  Probe (Chrono Boost)  
  16  0:45  Gateway  
  16  0:51  Assimilator  
  16  0:53  Probe (Chrono Boost)  
  17  1:03  Probe (Chrono Boost)  
  18  1:14  Probe (Chrono Boost)  
  19  1:24  Probe (Chrono Boost)  
  20  1:28  Nexus  
  20  1:40  Cybernetics Core  
  20  1:41  Probe (Chrono Boost)  
  21  1:51  Assimilator  
  21  1:52  Probe (Chrono Boost)  
  22  1:59  Pylon  
  22  2:09  Probe (Chrono Boost)  
  22  2:10  Pylon  
  23  2:22  Cybernetics Core  
  23  2:23  Adept  
  23  2:27  Probe (Chrono Boost), Warp Gate  
  26  2:37  Probe (Chrono Boost)  
  26  2:42  Probe (Chrono Boost)  
  28  2:48  Pylon  
  29  2:52  Probe (Chrono Boost)  
  29  2:53  Mothership Core (Chrono Boost)  
  31  3:03  Probe (Chrono Boost)  
  32  3:08  Stalker  
  32  3:11  Probe (Chrono Boost)  
  35  3:18  Twilight Council  
  35  3:24  Pylon  
  35  3:31  Probe (Chrono Boost)  
  34  3:34  Probe (Chrono Boost)  
  34  3:37  Adept  
  37  3:41  Resonating Glaives  
  37  3:53  Gateway  
  38  3:55  Probe (Chrono Boost)  
  38  3:58  Probe (Chrono Boost)  
  38  3:59  Twilight Council  
  39  4:03  Pylon  
  39  4:06  Pylon  
  39  4:08  Pylon  
  36  4:49  Blink  
  36  4:51  Mothership Core (Chrono Boost)  
  37  5:01  Probe (Chrono Boost)  
  37  5:02  Gateway x2  
  37  5:04  Assimilator  
  37  5:13  Probe (Chrono Boost)  
  38  5:16  Probe (Chrono Boost)  
  38  5:20  Stalker  
  41  5:21  Pylon, Nexus  
  41  5:22  Stalker  
  41  5:25  Probe (Chrono Boost)  
  45  5:28  Probe (Chrono Boost)  
  45  5:33  Pylon  
  46  5:37  Probe (Chrono Boost)  
  46  5:40  Probe (Chrono Boost)  
  47  5:45  Assimilator  
  47  5:49  Probe (Chrono Boost)  
  48  5:52  Probe (Chrono Boost)  
  48  5:53  Adept  
  48  5:54  Adept  
  51  5:58  Pylon  
  51  6:01  Probe (Chrono Boost)  
  51  6:02  Pylon  
  52  6:06  Adept x2  
  56  6:19  Adept x2  
  60  6:28  Templar Archives  
  60  6:29  Probe x2 (Chrono Boost)  
  62  6:46  Probe (Chrono Boost)  
  65  6:47  Probe (Chrono Boost)  
  65  6:48  Probe (Chrono Boost)  
  63  6:57  Stalker x4  
  71  7:28  Adept x4  
  79  7:34  Probe (Chrono Boost)  
  79  7:35  Probe x2 (Chrono Boost)  
  82  7:47  Probe (Chrono Boost)  
  65  7:59  Adept x4  
  71  8:07  Gateway  
  71  8:08  Probe (Chrono Boost), Gateway  
  71  8:09  Probe x2 (Chrono Boost)  
  74  8:14  Assimilator  
  74  8:17  Assimilator  
  74  8:24  Pylon  
  74  8:25  High Templar x4  
  74  8:26  Pylon x2  
  82  8:28  Pylon  
  82  8:38  Pylon  
  82  8:39  Probe x2 (Chrono Boost), Archon x2  
  84  9:00  Pylon  
  84  9:08  Gateway  
  84  9:10  High Templar x2  
  84  9:11  High Templar x2, Forge  
  84  9:14  Archon x2  
  84  9:15  Pylon  
  92  9:26  Probe (Chrono Boost)  
  92  9:28  Probe x2 (Chrono Boost)  
  92  9:29  Protoss Ground Weapons Level 1  
  91  9:40  Probe (Chrono Boost)  
  90  9:49  Adept x5  
  90  9:50  Adept  
  99  9:54  Gateway  
  99  9:56  Gateway  
  99  9:57  Photon Cannon  
  98  10:03  Photon Cannon  
  93  10:21  Stalker x5  
  75  10:22  Stalker x2  
  65  10:45  Stalker x2  
  65  10:46  Stalker x5  
  77  10:54  Photon Cannon  
  75  10:59  Photon Cannon  
  67  11:15  Stalker x2  
  67  11:16  Stalker x5  
  71  11:42  Stalker x6  
  71  11:43  Stalker  
  81  11:51  Probe x2 (Chrono Boost)  
  81  11:52  Probe (Chrono Boost)  
  80  12:05  Protoss Ground Weapons Level 2  
  80  12:07  Dark Shrine  
  80  12:08  Probe x3 (Chrono Boost)  
  83  12:09  Pylon  
  83  12:10  Pylon  
  83  12:12  High Templar x4, Gateway  
  83  12:13  Nexus, High Templar x5  
  99  12:30  Forge  
  99  12:33  Pylon  
  99  12:34  Probe x3 (Chrono Boost)  
  102  12:37  Pylon  
  102  12:39  Assimilator  
  102  12:44  Assimilator, Photon Cannon  
  102  12:48  Probe x3 (Chrono Boost)  
  102  12:49  Pylon  
  105  12:51  Pylon x2  
  105  12:56  Pylon  
  103  13:16  High Templar x2  
  103  13:17  High Templar x4  
  103  13:18  Archon  
  103  13:19  Archon x3  
  111  13:20  Archon  
  111  13:25  Archon x2  
  107  13:28  High Templar  
  107  13:33  Archon  
  109  13:40  Probe x3 (Chrono Boost), Zealot x2  
  116  13:47  Probe (Chrono Boost)  
  117  13:52  Probe x2 (Chrono Boost)  
  117  13:55  Robotics Facility  
  119  13:58  Pylon  
  119  13:59  Pylon  
  119  14:01  Probe (Chrono Boost)  
  119  14:02  Pylon  
  122  14:03  Probe (Chrono Boost)  
  122  14:04  Probe (Chrono Boost)  
  122  14:05  Pylon  
  98  14:35  Dark Templar  
  98  14:36  Dark Templar x6  
  104  14:50  Protoss Ground Weapons Level 3  
  104  14:53  Stalker x2  
  104  14:59  Pylon  
  108  15:01  Pylon  
  108  15:02  Pylon  
  108  15:04  Pylon  
  108  15:05  Protoss Ground Armor Level 1  
  108  15:11  Photon Cannon  
  108  15:15  Photon Cannon  
  98  15:35  Zealot x2  
  98  15:36  Zealot x7  
  98  15:37  Zealot  
  106  15:58  Observer  
  106  16:04  Charge, Gateway, Pylon  
  105  16:06  Pylon  
  105  16:09  Gateway  
  105  16:10  Gateway  
  105  16:13  Gateway  
  105  16:16  Pylon  
  105  16:24  High Templar  
  105  16:25  High Templar x5  
  115  16:29  Archon x3  
  115  16:32  Assimilator  
  117  16:34  Pylon  
  117  16:37  Pylon, Nexus  
  117  16:40  Pylon  
  117  16:42  Assimilator  
  117  16:43  Pylon  
  117  16:44  Protoss Shields Level 1  
  114  17:03  Dark Templar x5  
  106  17:15  Zealot  
  106  17:16  Zealot x4  
  114  18:01  Zealot x3  
  114  18:02  Zealot x7  
  114  18:03  Immortal  
  136  18:17  Zealot x4  
  144  18:33  Zealot x3  
  144  18:34  Zealot x7  
  154  18:37  Immortal  
  168  18:49  Zealot x4  
  163  19:03  Stalker x2  
  163  19:04  Stalker x7  
  162  19:30  Stalker x6  
  162  19:31  Stalker x3  
  148  20:35  Stalker x5  
  156  20:36  Stalker x5  
  164  21:18  Stalker  
  164  21:19  Stalker x5  
  164  21:20  Stalker x3  
  182  21:38  Stalker x2  
  152  22:01  Stalker x3  
Show
View Real Time Build Order
Export as new Build Order

BABDER Terran 

Build Orders:  

Get SALT Encoding   

  12  0:03  SCV  
  13  0:15  SCV  
  13  0:20  Supply Depot  
  14  0:27  SCV  
  15  0:31  Refinery  
  15  0:41  SCV  
  16  0:46  Barracks  
  16  0:53  SCV  
  17  1:05  SCV  
  17  1:09  Barracks  
  18  1:18  SCV  
  19  1:29  Supply Depot  
  19  1:30  SCV  
  20  1:35  Reaper  
  21  1:42  Orbital Command  
  21  1:57  Reaper  
  22  2:02  Refinery  
  23  2:14  Marine  
  23  2:17  SCV  
  25  2:30  SCV  
  25  2:31  Marine  
  25  2:33  Reaper  
  27  2:42  Command Center  
  27  2:47  SCV  
  27  2:49  Reaper  
  29  2:59  SCV  
  29  3:02  Factory  
  30  3:05  Reaper  
  31  3:25  SCV  
  31  3:40  Barracks Tech Lab  
  31  3:44  Barracks Reactor  
  31  3:46  Factory Tech Lab  
  31  3:50  Starport  
  31  3:54  SCV  
  32  3:56  Supply Depot  
  32  3:58  Supply Depot  
  32  4:06  SCV  
  34  4:17  Siege Tank  
  34  4:18  SCV  
  34  4:22  SCV  
  36  4:28  Marine x2  
  36  4:29  Marauder  
  36  4:30  SCV, Starport Tech Lab  
  41  4:31  Starport Reactor  
  41  4:34  SCV  
  35  4:46  SCV  
  36  4:53  Marine x2, SCV  
  36  4:54  Marauder  
  36  4:58  SCV  
  42  5:03  Supply Depot  
  42  5:05  SCV  
  43  5:10  Engineering Bay  
  43  5:17  SCV  
  43  5:24  Supply Depot  
  43  5:26  Marine x2  
  45  5:29  SCV  
  45  5:30  SCV  
  47  5:41  SCV  
  48  5:42  SCV  
  48  5:46  Marine  
  50  5:53  SCV, Marauder, Missile Turret  
  53  5:58  Terran Infantry Weapons Level 1  
  53  6:02  Medivac  
  55  6:05  Marine x2, SCV  
  55  6:09  Stimpack  
  58  6:13  SCV  
  58  6:15  Marauder  
  58  6:18  SCV  
  62  6:20  Medivac  
  62  6:22  Marine x2  
  66  6:27  Liberator  
  66  6:33  Missile Turret  
  66  6:42  Siege Tank  
  73  6:47  Refinery  
  73  6:48  Orbital Command  
  73  6:49  Refinery  
  72  6:58  Marine x2  
  72  6:59  Marauder  
  72  7:01  Medivac  
  78  7:02  SCV  
  61  7:24  Marine x2  
  61  7:25  Siege Tank, Marauder  
  61  7:27  Medivac  
  61  7:29  SCV  
  69  7:35  SCV  
  70  7:41  SCV  
  70  7:47  SCV, Liberator  
  67  8:03  Marine x2, Marauder  
  67  8:04  Siege Tank  
  77  8:06  SCV  
  78  8:18  SCV  
  78  8:19  Medivac  
  81  8:20  Marine x2  
  81  8:23  Command Center  
  81  8:25  Marauder  
  85  8:38  Marine  
  86  8:44  Supply Depot  
  86  8:45  Supply Depot, Terran Infantry Armor Level 1  
  86  8:50  Factory  
  86  9:06  Marine x2, SCV, Supply Depot, Siege Tank, Marauder  
  86  9:08  Supply Depot  
  94  9:24  Marine x2  
  96  9:28  Marauder  
  96  9:30  Concussive Shells  
  101  9:38  Siege Tank  
  101  9:41  Marine x2  
  102  9:49  Marauder  
  102  9:50  SCV  
  104  9:53  Orbital Command  
  104  9:59  Marine x2  
  106  10:02  SCV  
  107  10:10  Siege Tank, Marauder, Barracks  
  106  10:17  Marine x2  
  95  10:31  Marine  
  95  10:35  Marine x2  
  95  10:37  Medivac x2  
  95  10:42  Siege Tank  
  102  10:50  Marauder  
  98  10:57  Marine x2  
  98  10:58  Factory  
  93  11:11  Marauder  
  93  11:14  Siege Tank  
  91  11:22  Combat Shields  
  91  11:23  Factory Tech Lab  
  91  11:25  SCV, Barracks Tech Lab  
  92  11:32  Marauder  
  92  11:37  SCV  
  85  11:46  Siege Tank  
  83  11:47  Marine  
  83  11:48  Marine x2  
  83  11:50  Liberator x2  
  86  11:55  Marine  
  87  12:02  Siege Tank  
  87  12:03  Factory Tech Lab  
  87  12:05  Marine x2  
  87  12:06  Marauder  
  100  12:10  SCV  
  100  12:13  Marine  
  100  12:14  Refinery  
  96  12:15  Refinery  
  96  12:17  Starport  
  96  12:19  Siege Tank  
  96  12:20  SCV  
  100  12:22  SCV  
  100  12:23  Marine  
  102  12:32  SCV  
  102  12:33  Armory, Liberator  
  102  12:35  Marine  
  102  12:36  Marine x2  
  106  12:37  Siege Tank x2  
  106  12:44  Marine, SCV  
  117  12:53  Marine  
  117  12:54  Marauder x2  
  122  13:02  Marine, Siege Tank  
  122  13:03  Starport Reactor  
  126  13:07  Command Center  
  126  13:09  Siege Tank  
  126  13:11  Marine  
  122  13:15  SCV, Marauder  
  120  13:27  SCV  
  121  13:37  Marine x2  
  121  13:38  Marine x2  
  121  13:39  SCV  
  126  13:45  SCV  
  127  13:51  Siege Tank x3, SCV  
  127  13:55  Marine x2, Starport  
  139  13:56  Marauder  
  139  13:57  SCV, Marauder  
  139  14:01  Starport Tech Lab  
  144  14:03  SCV  
  136  14:20  Marine x3  
  136  14:21  Marauder  
  135  14:38  Marine x2  
  135  14:39  Marauder  
  135  14:42  Marine  
  140  14:51  Planetary Fortress  
  140  14:59  Command Center  
  140  15:00  Marauder  
  140  15:03  Marine x2  
  140  15:04  Siege Tank x3, Marauder  
  155  15:16  Refinery  
  155  15:23  Marine  
  155  15:24  Marine, Marauder  
  159  15:29  Raven  
  151  16:05  Missile Turret  
  151  16:07  Missile Turret  
  151  16:10  Missile Turret  
  151  16:16  Supply Depot, Missile Turret  
  151  16:21  Missile Turret  
  151  16:23  Supply Depot  
  151  16:41  Refinery  
  144  17:32  Command Center  
  144  17:33  Marine, Planetary Fortress  
  144  17:34  Siege Tank, SCV  
  149  17:38  Orbital Command  
  149  17:39  Marine x2  
  149  17:40  Marine  
  149  17:41  Siege Tank  
  141  17:46  SCV  
  141  17:51  Marine  
  141  17:57  Marine x2  
  141  17:58  Marine, SCV  
  146  18:09  Marauder  
  146  18:10  SCV  
  146  18:12  Refinery  
  148  18:15  Marine  
  148  18:18  High Capacity Fuel Tanks  
  149  18:29  Marine  
  149  18:30  Supply Depot  
  149  18:31  Supply Depot  
  149  18:33  Supply Depot  
  149  18:44  Marine, Siege Tank x2, Raven, Marauder x2  
  135  19:44  Marine x3  
  135  19:45  Marauder  
  129  19:46  Orbital Command  
  129  19:47  Raven  
  129  19:49  Medivac x2  
  132  19:59  SCV  
  133  20:04  Marine x2  
  135  20:11  SCV  
  129  20:56  Command Center  
  117  21:17  Marine x4  
  117  21:35  Marine x4  
  117  21:37  Command Center  
Tags
 
Add a new tag
Caveats
  • Supply blocks, unpowered buildings, or Contaminate may cause inaccurate times.
  • Supply counts are checked every 10 seconds.